 Dungeon Crawl Stone Soup version 0.30-a0-626-gd6a5dd7a1f (console) character file.

Game seed: 14200717927807585055

14 Ignak the Sneak (level 2, -1/17 HPs)
             Began as an Octopode Enchanter on Jan 11, 2023.
             Hit by a goblin thrown by Robin (3 damage)
             ... on level 2 of the Dungeon.
             The game lasted 00:01:12 (673 turns).

Ignak the Sneak (Octopode Enchanter)                 Turns: 673, Time: 00:01:13

Health: -1/17      AC:  1    Str:  7    XL:     2   Next: 45%
Magic:  5/5        EV: 13    Int: 17    God:
Gold:   37         SH:  0    Dex: 12    Spells: 3/5 levels left

rFire   . . .      SeeInvis .    a - +1 dagger
rCold   . . .      Faith    .    (no shield)
rNeg    . . .      Spirit   .    (helmet restricted)
rPois   .          Reflect  .    (no amulet)
rElec   .          Harm     .    (no ring)
rCorr   .          Rampage  .    (no ring)
Will    .....                    (no ring)
Stlth   ++++                     (no ring)
HPRegen 0.22/turn                (no ring)
MPRegen 0.09/turn                (no ring)
                                 (no ring)
                                 (no ring)

@: no status effects
A: almost no armour, amphibious, 8 rings, camouflage 1, gelatinous body 1,
(nimble swimmer 1), tentacles
a: no special abilities


You were on level 2 of the Dungeon.
You visited 1 branch of the dungeon, and saw 2 of its levels.

You collected 37 gold pieces.

Inventory:

Hand Weapons
 a - a +1 dagger (weapon)
Scrolls
 c - 2 scrolls of immolation {unknown}
 d - a scroll of noise {unknown}
 e - a scroll of vulnerability {unknown}
Potions
 b - 2 potions of invisibility
 f - a potion of heal wounds {unknown}


   Skills:
 + Level 0.3 Fighting
 + Level 1.2 Short Blades
 * Level 2.2 Dodging
 * Level 4.3 Stealth
 + Level 0.3 Unarmed Combat
 + Level 2.1 Spellcasting
 + Level 3.0 Hexes
 + Level 0.1 Ice Magic


You had 3 spell levels left.
You knew the following spells:

 Your Spells              Type           Power      Damage    Failure   Level
c - Ensorcelled Hibernat  Hex/Ice        14%        N/A       16%         2

Your spell library contained the following spells:

 Spells                   Type           Power      Damage    Failure   Level
 Confusing Touch          Hex            12%        N/A       16%         3
 Tukima's Dance           Hex            12%        N/A       16%         3
 Shock                    Conj/Air       4%         1d3       19%         1
 Dazzling Flash           Conj/Hex       14%        N/A       30%         3


Dungeon Overview and Level Annotations

Branches:
Dungeon (2/15)

Altars:

Annotations:
D:2 Robin


Innate Abilities, Weirdness & Mutations

You cannot wear most types of armour.
You are amphibious.
You can wear up to eight rings at the same time.
Your skin changes colour to match your surroundings (Stealth+).
Your rubbery body absorbs attacks. (AC +1, EV +1)
((You are camouflaged when in or above water. (Stealth+)))
You have tentacles for arms and can constrict up to eight enemies at once.


Message History

You open the door.
Found a stone staircase leading up.
There is an open door here.
Found 6 stones.
You now have 30 gold pieces (gained 6).
You now have 37 gold pieces (gained 7). 3 goblins come into view.
Robin, a hobgoblin and 5 goblins come into view.
Robin is wielding a +0 dagger and carrying a wand of polymorph (10).
The helpless goblin fails to defend itself.
You impale the goblin!!
You kill the goblin!
The goblin shouts! x3; Robin shouts!
The hobgoblin shouts!
The goblin shouts!
You hear a shout!
Robin roars a battlecry!
The goblins go into a battle-frenzy!
The goblin hits you with a +0 dagger.
A goblin comes into view. It is wielding a +0 club.
The goblin shouts!
You hit the goblin. You grab the goblin.
The goblin is severely wounded.
You constrict the goblin.
You kill the goblin!
Robin throws the goblin at you! The goblin hits you with a +0 club.
The goblin barely misses you.
You hit the goblin. Your grab misses the goblin.
The goblin is heavily wounded.
The goblin misses you. The goblin barely misses you. x2
You hit the goblin but do no damage. Your grab misses the goblin.
You squeeze the goblin.
You kill the goblin!
The goblin barely misses you. x2; The goblin hits you with a +0 club.
* * * LOW HITPOINT WARNING * * *
You see here a +0 club.
The goblin attacks as you move away! The goblin misses you.
You barely miss the goblin. Your grab misses the goblin.
The goblin hits you with a +0 club.
* * * LOW HITPOINT WARNING * * *
Robin throws the goblin at you!
You die...

#...# #..##
##.#####..#
.........#
#..#####.#
#.. #.#
#..#####.####
#...g.......#
#.##@######.#
###.##g# #
#..g)gg#
#.#.#)g#
......#
#......#
#.......
#.#.#.###
#.#.#.#


You could see Robin and 4 goblins.

Vanquished Creatures
  An endoplasm (D:1)
  A giant cockroach (D:1)
  3 jackals (D:1)
  A quokka (D:1)
  A frilled lizard (D:1)
  4 goblins
  A rat (D:1)
12 creatures vanquished.

Vanquished Creatures (others)
  A fungus (D:1)
1 creature vanquished.

Grand Total: 13 creatures vanquished

Notes
Turn   | Place    | Note
-------+----------+-------------------------------------------
     0 | D:1      | Ignak the Octopode Enchanter began the quest for the Orb.
     0 | D:1      | Reached XP level 1. HP: 11/11 MP: 3/3
    45 | D:1      | Found a faded altar of an unknown god.
    61 | D:1      | Got Plato's Folio of Wounds
   292 | D:1      | Reached XP level 2. HP: 17/17 MP: 5/5
   295 | D:1      | Learned a level 2 spell: Ensorcelled Hibernation
   664 | D:2      | Noticed Robin
   673 | D:2      | Hit by a goblin thrown by Robin

Illustrated notes

Levels and vault maps discovered:
D:1:      dpeg_arrival_oval, layout_rooms, shapermc_ecumenical_altar_rom_forum,
          skrybe_limestone_x
D:2:      layout_loops_corners, uniq_robin

Action                   || total
-------------------------++-------
Melee: Dagger            ||    24
       Tentacles         ||     6
       Constrict         ||     5
 Stab: Sleeping          ||     3
Armor: Skin              ||     1
Dodge: Dodged            ||    30

Table legend: (Time is in decaauts)
 A = Elapsed time spent in this place.
 B = Non-inter-level travel time spent in this place.
 C = Inter-level travel time spent in this place.
 D = Time resting spent in this place.
 E = Time spent auto-exploring this place.
 F = Levels seen in this place.
 G = Mean time per level.
                   A        B        C        D        E       F      G
               +--------+--------+--------+--------+--------+-----+--------+
         Total |    671 |    633 |     38 |    132 |    372 |   2 |  335.5 |
       Dungeon |    671 |    633 |     38 |    132 |    372 |   2 |  335.5 |
               +--------+--------+--------+--------+--------+-----+--------+

Top non-repeatable levels by time:
     D:1: 574 daAuts
     D:2: 97 daAuts
